 Dungeon Crawl Stone Soup version 0.21-a0-531-gacddea6 (webtiles) character file.

11155 kae the Grappler (level 11, -2/109 (110) HPs)
             Began as a Troll Monk on Dec 13, 2017.
             Was an Elder of Wu Jian.
             Slain by a blink frog (7 damage)
             ... on level 2 of the Lair of Beasts.
             The game lasted 00:10:21 (10036 turns).

kae the Grappler (Troll Monk)                      Turns: 10036, Time: 00:10:22

HP:   -2/109 (110)  AC:  5    Str: 21    XL:     11   Next: 45%
MP:   10/10         EV: 13    Int: 10    God:    Wu Jian [****..]
Gold: 631           SH: 10    Dex: 15    Spells: 10/10 levels left

rFire    . . .     SeeInvis .     - Unarmed
rCold    . . .     Gourm    +   w - +0 shield
rNeg     . . .     Faith    .   a - +0 robe
rPois    .         Spirit   .   (helmet restricted)
rElec    .         Reflect  .   (no cloak)
rCorr    .         Harm     .   (gloves unavailable)
MR       .....                  (boots unavailable)
Stlth    +.........             (no amulet)
HPRegen  0.68/turn              q - ring of loudness (curse)
MPRegen  0.12/turn              p - +4 ring of intelligence

@: no status effects
A: large, unfitting armour, claws 3, fast metabolism 3, gourmand, regeneration
1, shaggy fur 1, tough skin 2
a: Serpent's Lash, Renounce Religion


You were on level 2 of the Lair of Beasts.
You worshipped Wu Jian.
Wu Jian was greatly pleased with you.
You were not hungry.

You visited 3 branches of the dungeon, and saw 12 of its levels.

You collected 631 gold pieces.

Inventory:

Armour
 a - a +0 robe (worn)
 w - a +0 shield (worn)
Jewellery
 p - a +4 ring of intelligence (right claw)
 q - a cursed ring of loudness (left claw)
Wands
 f - a wand of disintegration (1)
 y - a wand of iceblast (2)
 z - a wand of clouds (8)
Scrolls
 c - 9 scrolls of teleportation
 d - a scroll of enchant weapon
 i - 2 scrolls of fog
 j - 3 scrolls of identify
 k - 7 scrolls of remove curse
 v - a scroll of magic mapping
Potions
 e - 2 potions of haste
 h - a potion of mutation
 l - 4 potions of curing
 m - 3 potions of heal wounds
 n - a potion of resistance
 s - 2 potions of might
 u - a potion of ambrosia
 A - a potion of flight
 C - a potion of cancellation
Books
 x - a book of Changes

   Spells                             Type                      Level
   a - Beastly Appendage              Transmutation                1
   b - Sticks to Snakes               Transmutation                2
   c - Spider Form                    Transmutation/Poison         3
   d - Ice Form                       Ice/Transmutation            4
   e - Blade Hands                    Transmutation                5
Comestibles
 b - 7 bread rations
 g - 13 royal jellies
 r - 20 fruits
 t - 5 meat rations


   Skills:
 + Level 7.7 Fighting
 + Level 7.7 Dodging
 - Level 1.0 Stealth
 + Level 4.7 Shields
 * Level 12.4 Unarmed Combat


You had 10 spell levels left.
You didn't know any spells.

Dungeon Overview and Level Annotations

Branches:
Dungeon (9/15)             Temple (1/1) D:6            Lair (2/6) D:9
  Swamp: Lair:2-4    Shoals: Lair:2-4     Snake: Lair:2-4    Spider: Lair:2-4
    Orc: D:9-12

Altars:
Ashenzari
Cheibriados
Dithmenos
Elyvilon
Fedhas
Gozag
Hepliaklqana
Kikubaaqudgha
Makhleb
Nemelex Xobeh
Okawaru
Qazlal
Ru
Sif Muna
Trog
Uskayaw
Vehumet
Wu Jian
Xom
Yredelemnul
Zin
The Shining One

Shops:
D:8 =

Portals:
Volcano: Lair:2

Annotations:
Lair:1 exclusion: oklob plant


Innate Abilities, Weirdness & Mutations

You are too large for most types of armour.
You have claws for hands.
Your metabolism is lightning-fast.
You like to eat raw meat.
Your natural rate of healing is unusually fast.
You are covered in fur. (AC +1)
You have very tough skin. (AC +2)


Message History

You lunge at the blink frog.
You claw the blink frog!
You kill the blink frog!
The Council accepts your kill.
The blink frog blinks!
You lunge at the blink frog.
You closely miss the blink frog.
The blink frog is moderately wounded.
The blink frog hits you!
* * * LOW HITPOINT WARNING * * *
The blink frog blinks! x2
You lunge at the blink frog.
You barely miss the blink frog.
The blink frog is moderately wounded.
The blink frog hits you!
* * * LOW HITPOINT WARNING * * *
You spin and attack the blink frog repeatedly.
You barely miss the blink frog.
The blink frog is moderately wounded.
You miss the blink frog.
The blink frog is moderately wounded.
You block the blink frog's attack. The blink frog hits you!
You die...

#...##......?..#
#...##....P....##.
##...รท.....#......
#.........#.....#
#....##...##....#
##....#.#.##....#
#...##..#.#....# #
#..............###.##
#.........@...........
##........F...........
#...##.##+...........
...####.##.##......[..
##.. ..... #....#...#
##. .......P.....###.
#................
#......#....##....
.......##.... ....


You could see a blink frog (pinned).

Vanquished Creatures
  A hydra (Lair:1)
  2 two-headed ogres
  An oklob plant (Lair:2)
  3 spiny frogs (Lair:1)
  4 komodo dragons (Lair:1)
  11 blink frogs
  2 hippogriffs
  3 water moccasins
  2 porcupines (Lair:2)
  A sky beast (D:9)
  2 black bears
  An orc warrior (D:9)
  3 ice beasts
  2 ogres
  A necrophage (D:9)
  A crocodile (D:8)
  3 big kobolds
  8 bullfrogs
  2 wyvern zombies (D:8)
  2 scorpions
  3 killer bees (D:7)
  3 wights (D:4)
  3 howler monkeys
  8 crimson imps
  3 bullfrog zombies (D:5)
  3 centaur zombies (D:5)
  3 hounds
  6 jellies
  4 orc priests
  2 bullfrog skeletons
  4 orc wizards
  3 iguanas
  2 hell rats (Lair:1)
  10 worker ants
  2 hound zombies
  4 hound skeletons
  Robin (D:3)
  10 adders
  7 river rats (Lair:1)
  2 shadow imps
  7 oozes
  4 adder skeletons
  3 worms
  2 dart slugs (D:1)
  5 leopard geckos
  21 orcs
  9 giant cockroaches
  15 goblins
  3 hobgoblins
  10 jackals
  14 kobolds
  A quokka (D:5)
  2 ball pythons
  10 bats
  4 frilled lizards
  2 giant cockroach zombies (D:5)
  A jackal zombie (D:5)
  A leopard gecko zombie (D:5)
  A quokka skeleton (D:4)
  A quokka zombie (D:5)
  6 rats
  A plant (Lair:2)
261 creatures vanquished.

Vanquished Creatures (others)
  A goblin (D:3)
  A fungus (Lair:2)
  2 plants (Lair:1)
4 creatures vanquished.

Grand Total: 265 creatures vanquished

Notes
Turn   | Place    | Note
-------+----------+-------------------------------------------
     0 | D:1      | kae the Troll Monk began the quest for the Orb.
     0 | D:1      | Reached XP level 1. HP: 22/22 MP: 0/0
    46 | D:1      | Reached XP level 2. HP: 26/29 MP: 1/1
   378 | D:1      | Reached XP level 3. HP: 36/36 MP: 2/2
   710 | D:2      | Reached skill level 4 in Unarmed Combat
   792 | D:2      | Reached XP level 4. HP: 44/44 MP: 3/3
   829 | D:2      | Found an opulent altar of Gozag.
   953 | D:2      | Found a shattered altar of Ashenzari.
   953 | D:2      | Found an iron altar of Okawaru.
  1538 | D:3      | Noticed Robin
  1558 | D:3      | Killed Robin
  1660 | D:3      | Reached XP level 5. HP: 53/53 MP: 4/4
  1853 | D:3      | Found a deep blue altar of Sif Muna.
  1919 | D:3      | Reached skill level 5 in Unarmed Combat
  2366 | D:4      | Reached XP level 6. HP: 44/61 MP: 5/5
  2502 | D:4      | Found a sacrificial altar of Ru.
  2666 | D:4      | Found a radiant altar of Vehumet.
  2856 | D:4      | Reached skill level 6 in Unarmed Combat
  2972 | D:5      | Entered Level 5 of the Dungeon
  2984 | D:4      | Reached XP level 7. HP: 21/68 MP: 6/6
  3602 | D:5      | Reached skill level 7 in Unarmed Combat
  3655 | D:5      | Found a glowing golden altar of the Shining One.
  3715 | D:5      | Reached XP level 8. HP: 41/79 MP: 7/7
  4145 | D:6      | Found a staircase to the Ecumenical Temple.
  4175 | D:6      | Reached skill level 8 in Unarmed Combat
  4213 | Temple   | Entered the Ecumenical Temple
  4434 | Temple   | Became a worshipper of the Wu Jian Council
  4434 | Temple   | Reached * piety under Wu Jian
  4434 | Temple   | Reached ** piety under Wu Jian
  4536 | D:6      | Reached skill level 5 in Fighting
  4536 | D:6      | Reached skill level 5 in Dodging
  4769 | D:6      | Found a stormy altar of Qazlal.
  5160 | D:7      | Reached XP level 9. HP: 66/88 MP: 8/8
  5207 | D:7      | Reached skill level 9 in Unarmed Combat
  5440 | D:7      | Found an ancient bone altar of Kikubaaqudgha.
  5440 | D:7      | Found a shimmering altar of Xom.
  5679 | D:7      | Found a hide-covered altar of Uskayaw.
  6304 | D:8      | Reached *** piety under Wu Jian
  6558 | D:8      | Reached skill level 1 in Shields
  6563 | D:8      | Found Requang's Jewellery Boutique.
  6577 | D:8      | Noticed a two-headed ogre
  6580 | D:8      | Reached skill level 10 in Unarmed Combat
  6665 | D:8      | Killed a two-headed ogre
  7106 | D:8      | Reached XP level 10. HP: 100/100 MP: 9/9
  7416 | D:9      | Found a staircase to the Lair.
  7449 | D:9      | Noticed a green death
  7450 | D:9      | Found a burning altar of Makhleb.
  7453 | D:9      | Found a glowing silver altar of Zin.
  7453 | D:9      | Noticed an angel
  7677 | D:9      | Noticed a two-headed ogre
  7687 | D:9      | Killed a two-headed ogre
  8171 | Lair:1   | Entered Level 1 of the Lair of Beasts
  8213 | Lair:1   | Reached skill level 11 in Unarmed Combat
  8603 | Lair:1   | Noticed an eight-headed hydra
  8610 | Lair:1   | Killed a nine-headed hydra
  8636 | Lair:1   | Reached XP level 11. HP: 95/108 MP: 10/10
  8956 | Lair:1   | Reached **** piety under Wu Jian
  9254 | Lair:1   | Reached skill level 12 in Unarmed Combat
  9536 | Lair:1   | Noticed an oklob plant
  9813 | Lair:2   | Found a dark tunnel.
  9864 | Lair:2   | Noticed an oklob plant
  9901 | Lair:2   | Killed an oklob plant
 10035 | Lair:2   | HP: 4/109 [blink frog (13)]
 10036 | Lair:2   | Slain by a blink frog

Vault maps used:
D:1:      minmay_arrival_solitary_statue
D:2:      gammafunk_temple_overflow_pools, grunt_gozag_statues
D:3:      nicolae_overflow_crystal_walls, uniq_robin
D:4:      nicolae_ru_sacrificial_ziggurat, lemuel_doored_altar, first_bread
D:5:      black_bear_nest_2, nicolae_tso_swordbearing_angel, serial_undead,
          serial_undead_d, serial_undead_b, serial_undead_c, serial_undead_a,
          serial_undead_a
D:6:      nicolae_overflow_hidden_temple, minmay_temple_entry_enclosed_plants,
          minmay_door_square, minmay_small_thing
D:7:      eat_drink_and_be_merry_uskayaw, gammafunk_temple_overflow_elements,
          st_stairs_5
D:8:      serial_shops, nicolae_shop_stone, hangedman_little_slice_of_home
D:9:      kennysheep_six_static_rooms, grunt_temple_overflow_order_and_chaos_2,
          lair_entry_dummy
Temple:   dpeg_chambers_temple
Lair:1:   dpeg_oklob_gauntlet, st_stairs_10, kennysheep_rathole,
          grunt_megastairs_1, lemuel_fruit_tree
Lair:2:   enter_volcano_1, basic_altar, serial_bayou_shore_a,
          minmay_lair_oklob_chamber

Skill      XL: |  1  2  3  4  5  6  7  8  9 10 11 |
---------------+----------------------------------+-----
Unarmed Combat | 4 5 6 7 8 10 11 12 | 12.4
Fighting       | 3 4 5 6 7 |  7.7
Dodging        | 3 4 5 6 7 |  7.7
Shields        | 2 3 4 |  4.7
Stealth        | |  1.0

Action                   |  1- 3 |  4- 6 |  7- 9 | 10-12 || total
-------------------------+-------+-------+-------+-------++-------
Melee: Unarmed           |   102 |   202 |   352 |   255 ||   911
       Punch             |       |     3 |    10 |       ||    13
Invok: Serpent's Lash    |       |       |     1 |     3 ||     4
Evoke: Wand              |       |       |       |    12 ||    12
  Use: Scroll            |     1 |     5 |     8 |     4 ||    18
 Stab: Sleeping          |     3 |     2 |       |       ||     5
  Eat: Chunk             |    13 |    19 |    27 |    19 ||    78
       Royal jelly       |       |       |     1 |     5 ||     6
Armor: Robe              |    53 |    47 |    84 |    14 ||   198
Dodge: Dodged            |    48 |   115 |   187 |    84 ||   434
Block: Shield            |       |       |    30 |    56 ||    86

Table legend:
 A = Spawn XP
 B = Non-spawn XP
 C = Spawn XP percentage of total XP
 D = Spawn monster count
 E = Non-spawn monster count
 F = Spawn count percentage of total count
 G = Total turns spent on level
                    A         B        C        D         E        F      G
               +---------+---------+-------+---------+---------+-------+---------
         Total |       0 |   15937 |   0.0 |       0 |     260 |   0.0 | 10036
               +---------+---------+-------+---------+---------+-------+---------
           D:1 |       0 |      56 |   0.0 |       0 |      29 |   0.0 |   683
           D:2 |       0 |      95 |   0.0 |       0 |      14 |   0.0 |   808
           D:3 |       0 |     173 |   0.0 |       0 |      33 |   0.0 |   830
           D:4 |       0 |     430 |   0.0 |       0 |      20 |   0.0 |   733
           D:5 |       0 |     850 |   0.0 |       0 |      32 |   0.0 |   957
           D:6 |       0 |     975 |   0.0 |       0 |      21 |   0.0 |   846
           D:7 |       0 |     714 |   0.0 |       0 |      15 |   0.0 |   990
           D:8 |       0 |    2329 |   0.0 |       0 |      38 |   0.0 |  1193
           D:9 |       0 |    1712 |   0.0 |       0 |      18 |   0.0 |   882
        Lair:1 |       0 |    6588 |   0.0 |       0 |      30 |   0.0 |  1546
        Lair:2 |       0 |    2015 |   0.0 |       0 |      10 |   0.0 |   319
               +---------+---------+-------+---------+---------+-------+---------
